 Dungeon Crawl Stone Soup version 0.27-a0-333-gfa571bf19a (webtiles) character file.

Game seed: 4089479565431267398

92 snetch the Magician (level 4, 0/24 HPs)
             Began as a Deep Elf Hedge Wizard on Feb 12, 2021.
             Slain by a gnoll
             ... wielding a +0 whip
              (9 damage)
             ... on level 2 of the Dungeon.
             The game lasted 00:05:23 (1887 turns).

snetch the Magician (Deep Elf Hedge Wizard)         Turns: 1887, Time: 00:05:24

Health: 0/24       AC:  2    Str:  7    XL:     4   Next: 35%
Magic:  0/13       EV: 13    Int: 20    God:
Gold:   28         SH:  0    Dex: 14    Spells: 9/14 levels left

rFire    . . .     SeeInvis .   a - +0 dagger
rCold    . . .     Faith    .   (no shield)
rNeg     . . .     Spirit   .   b - +0 robe
rPois    .         Reflect  .   c - +0 hat
rElec    .         Harm     .   (no cloak)
rCorr    .         Rampage  .   (no gloves)
Will     .....                  (no boots)
Stlth    ++........             (no amulet)
HPRegen  0.08/turn              (no ring)
MPRegen  0.13/turn              (no ring)

@: no status effects
A: no striking features
a: no special abilities


You were on level 2 of the Dungeon.
You visited 1 branch of the dungeon, and saw 3 of its levels.

You collected 28 gold pieces.

Inventory:

Hand Weapons
 a - a +0 dagger (weapon)
Missiles
 e - 55 stones
 i - 10 arrows
 p - 22 sling bullets
Armour
 b - a +0 robe (worn)
 c - a +0 hat (worn)
 d - a +0 leather armour
 k - a +0 scale mail
Scrolls
 h - 2 scrolls of identify {unknown}
 m - a scroll of fog {unknown}
Potions
 f - a potion of lignification {unknown}
 g - 2 potions of flight {unknown}
 j - 2 potions of degeneration {unknown}
 l - 2 potions of attraction {unknown}
 n - a potion of invisibility {unknown}
 o - a potion of magic {unknown}
 q - a potion of cancellation {unknown}


   Skills:
 + Level 0.4 Fighting
 + Level 0.3 Armour
 + Level 2.8 Dodging
 + Level 3.2 Stealth
 + Level 5.7 Spellcasting
 + Level 1.4 Conjurations
 + Level 2.0 Summonings
 + Level 1.1 Translocations


You had 9 spell levels left.
You knew the following spells:

 Your Spells              Type           Power        Failure   Level
a - Magic Dart            Conj           44%          6%          1
b - Blink                 Tloc           N/A          11%         2
c - Call Imp              Summ           13%          7%          2

Your spell library contained the following spells:

 Spells                   Type           Power        Failure   Level
 Slow                     Hex            5%           16%         2
 Conjure Flame            Conj/Fire      8%           24%         3
 Mephitic Cloud           Conj/Pois/Air  7%           26%         3


Dungeon Overview and Level Annotations

Branches:
Dungeon (3/15)

Altars:


Message History

Unknown command.
Aiming: Magic Dart (safe; 6% risk of failure)
Press: ? - help, Q - select action, (/) - cycle Shift-Dir - straight line, f/p - gnoll
Aim: a gnoll, quivering stones (lightly wounded, ally target, 0% to evade)
The magic dart hits the gnoll.
The gnoll is heavily wounded.
The gnoll barely misses your white imp.
Your crimson imp blinks!
Your white imp hits the gnoll.
Your white imp freezes the gnoll.
The gnoll closely misses you.
You barely miss the gnoll.
The gnoll is severely wounded.
The gnoll closely misses your white imp.
The gnoll closely misses you.
Your white imp gestures at the gnoll.
The puff of frost misses the gnoll.
Unknown command.
You hit the gnoll but do no damage.
The gnoll is severely wounded.
The gnoll hits your white imp with a +0 whip.
The gnoll misses you.
Your white imp gestures at the gnoll.
The puff of frost hits the gnoll!
The gnoll dies!
The gnoll closely misses you.
Things that are here:
15 stones; a +0 flail; a gnoll corpse You hit the gnoll.
The gnoll is moderately wounded.
The gnoll hits you with a +0 whip.
Your white imp gestures at the gnoll.
The puff of frost hits the gnoll.
Unknown command.
Aiming: Magic Dart (safe; 6% risk of failure)
Press: ? - help, Q - select action, (/) - cycle Shift-Dir - straight line, f - gnoll
Aim: a gnoll, wielding a +0 whip (severely wounded, ally target, 0% to evade)
The magic dart hits the gnoll.
The gnoll is almost dead.
The gnoll hits you with a +0 whip!
You die...

########### #..#
#.........# #..#
#.#######.##
#..####.#### #...
#..#.......# #### #
#..#.#####.#
####.##..#.# #.#
##### .....)..g#.#
#.# #.... #@5..#
#.###.###
#....#####.....# #
#........).)..###.###
#.###5#####.### #....
# #.# #)# ###.# #.#
#.# #.#
#.#####.#######..
#..............##
...####.######.#


You could see a gnoll (ally target), a friendly crimson imp (summoned) and a
friendly white imp (summoned).

Vanquished Creatures
  A gnoll (D:2)
  2 leopard geckos (D:1)
  5 bats (D:1)
  A giant cockroach (D:2)
  2 goblins
  5 hobgoblins
  4 kobolds (D:1)
20 creatures vanquished.

Vanquished Creatures (collateral kills)
  Terence (D:2)
  6 gnolls (D:2)
  A bat (D:1)
  A goblin (D:1)
  2 frilled lizards
  3 kobolds
  A rat (D:1)
15 creatures vanquished.

Grand Total: 35 creatures vanquished

Notes
Turn   | Place    | Note
-------+----------+-------------------------------------------
     0 | D:1      | snetch the Deep Elf Hedge Wizard began the quest for the
                  | Orb.
     0 | D:1      | Reached XP level 1. HP: 10/10 MP: 7/7
     7 | D:2      | Noticed Terence
   333 | D:1      | Reached XP level 2. HP: 15/15 MP: 6/9
   336 | D:1      | Learned a level 2 spell: Blink
   339 | D:1      | Learned a level 2 spell: Call Imp
   922 | D:1      | Reached skill level 5 in Spellcasting
  1287 | D:2      | Killed Terence
  1288 | D:2      | Reached XP level 3. HP: 19/19 MP: 3/11
  1781 | D:2      | Reached XP level 4. HP: 24/24 MP: 9/13
  1887 | D:2      | Slain by a gnoll

Illustrated notes

Levels and vault maps discovered:
D:1:      dpeg_arrival_simpleton_b, layout_loops_ring
D:2:      layout_loops_ring, chequers_avenue, uniq_terence
D:3:      layout_rooms, serial_glass, glass_columns_a, glass_columns_b

Skill      XL: |  1  2  3 |
---------------+----------+-----
Stealth        | 3 |  3.2
Spellcasting   | 5 |  5.7
Summonings     | 2 |  2.0
Fighting       | |  0.4
Armour         | |  0.3
Dodging        | |  2.8
Conjurations   | |  1.4
Translocations | |  1.1

Action                   |  1- 3 |  4- 6 || total
-------------------------+-------+-------++-------
Melee: Dagger            |    21 |     7 ||    28
 Cast: Magic Dart        |    42 |    11 ||    53
       Call Imp          |    10 |     2 ||    12
 Stab: Sleeping          |     2 |       ||     2
Armor: Leather armour    |     5 |       ||     5
       Robe              |     8 |       ||     8
Dodge: Dodged            |    51 |     9 ||    60

Table legend: (Time is in decaauts)
 A = Elapsed time spent in this place.
 B = Non-inter-level travel time spent in this place.
 C = Inter-level travel time spent in this place.
 D = Time resting spent in this place.
 E = Time spent auto-exploring this place.
 F = Levels seen in this place.
 G = Mean time per level.
                   A        B        C        D        E       F      G
               +--------+--------+--------+--------+--------+-----+--------+
         Total |   1892 |   1856 |     36 |    123 |   1243 |   3 |  630.7 |
       Dungeon |   1892 |   1856 |     36 |    123 |   1243 |   3 |  630.7 |
               +--------+--------+--------+--------+--------+-----+--------+

Top non-repeatable levels by time:
     D:1: 1456 daAuts
     D:2: 431 daAuts
     D:3: 4 daAuts
